 Dungeon Crawl Stone Soup version 0.27-a0-899-ge2d0b17c59 (webtiles) character file.

Game seed: 13088919970693444441

6632 mhtbhm the Covert (level 11, -9/67 HPs)
             Began as a Kobold Berserker on Apr 5, 2021.
             Was a High Priest of Trog.
             Mangled by a large abomination (28 damage)
             ... on level 1 of the Abyss.
             The game lasted 00:13:03 (11869 turns).

mhtbhm the Covert (Kobold Berserker)               Turns: 11869, Time: 00:13:04

Health: -9/67      AC: 14    Str: 15    XL:     11   Next: 22%
Magic:  0/9        EV: 18    Int: 10    God:    Trog [*****.]
Gold:   601        SH:  0    Dex: 14    Spells: 10/10 levels left

rFire    . . .     SeeInvis .   a - +2 dagger (venom)
rCold    + . .     Faith    .   (shield restricted)
rNeg     . . .     Spirit   +   b - +0 acid dragon scales
rPois    .         Reflect  .   (no helmet)
rElec    .         Harm     .   (no cloak)
rCorr    +         Rampage  .   n - +0 pair of gloves
Will     .....                  (no boots)
Stlth    ++++++....             c - amulet of guardian spirit
HPRegen  0.21/turn              i - +4 ring of protection
MPRegen  0.11/turn              r - ring of protection from cold

@: berserk cooldown, slowed, very slow
A: small, no large weapons, nightstalker 3, iridescent scales 1, low mp 1, weak
1
a: Renounce Religion, Berserk, Trog's Hand, Brothers in Arms


You were on level 1 of the Abyss.
You worshipped Trog.
Trog was extremely pleased with you.
You visited 1 branch of the dungeon, and saw 10 of its levels.
You visited the Abyss 1 time.

You collected 601 gold pieces.

Inventory:

Hand Weapons
 a - a +2 dagger of venom (weapon)
Missiles
 t - 5 atropa-tipped darts (quivered)
 B - a curare-tipped dart
Armour
 b - +0 acid dragon scales (worn)
 n - a +0 pair of gloves (worn)
Jewellery
 c - an amulet of guardian spirit (around neck)
 i - a +4 ring of protection (left hand)
 r - a ring of protection from cold (right hand)
 F - a ring of poison resistance
Wands
 d - a wand of acid (21)
 e - a wand of flame (20)
 A - a wand of polymorph (5)
 E - a wand of mindburst (11)
Scrolls
 g - 2 scrolls of teleportation
 j - 2 scrolls of magic mapping {unknown}
 l - a scroll of enchant weapon {unknown}
 v - a scroll of blinking {unknown}
 w - a scroll of amnesia {unknown}
 x - a scroll of immolation {unknown}
 y - a scroll of silence
 z - a scroll of fog {unknown}
 D - a scroll of enchant armour {unknown}
Potions
 f - a potion of mutation
 h - 2 potions of ambrosia {unknown}
 k - 3 potions of curing {unknown}
 m - a potion of haste
 o - a potion of heal wounds
 p - a potion of lignification {unknown}
 s - a potion of flight
 u - 2 potions of attraction {unknown}
 C - a potion of brilliance {unknown}


   Skills:
 + Level 7.5 Fighting
 + Level 10.5 Short Blades
 + Level 0.2 Throwing
 + Level 4.9 Armour
 + Level 9.5 Dodging
 + Level 12.5 Stealth
 + Level 1.2 Evocations


You had 10 spell levels left.
You didn't know any spells.
Your spell library was empty.

Dungeon Overview and Level Annotations

Branches:
Dungeon (10/15)            Temple (0/1) D:7
   Lair: D:8-11         Orc: D:9-12

Altars:
Ashenzari
Gozag
Qazlal
Uskayaw
Vehumet

Annotations:
D:10 Sonja


Innate Abilities, Weirdness & Mutations

You are small and have problems with some larger weapons.
You are completely attuned to the shadows.
You are partially covered in iridescent scales. (AC +2)
Your magical capacity is low. (-10% MP)
You are weak. (Str -2)


Message History

You hit the ophan but do no damage.
The ophan looks as sick as possible!
The ophan is heavily wounded.
You puncture the ophan!
The ophan is heavily wounded.
You puncture the ophan!
The ophan looks as sick as possible!
The ophan is heavily wounded.
You hit the ophan.
The ophan looks as sick as possible!
The ophan is severely wounded.
You hit the ophan but do no damage.
The ophan looks as sick as possible!
The ophan is severely wounded.
You hit the ophan.
The ophan looks as sick as possible!
The ophan is severely wounded.
The large abomination is engulfed in blessed fire.
The large abomination hits you!!
* * * LOW HITPOINT WARNING * * *
You puncture the ophan!
The ophan looks as sick as possible!
The ophan is almost dead.
You puncture the ophan!
The ophan looks as sick as possible!
The ophan is almost dead.
You hit the ophan but do no damage.
The ophan looks as sick as possible!
The ophan is almost dead.
The ophan harnesses the cleansing power of fire!
The bolt of fire misses you.
You hit the ophan.
The ophan is almost dead.
The large abomination hits you but does no damage.
You puncture the ophan!
You kill the ophan!
Trog accepts your kill.
Your Dodging skill increases to level 9!
You feel a strong urge to attack something.
The large abomination is engulfed in blessed fire.
You are no longer berserk.
You are exhausted.
You feel yourself slow down.
Unknown command.
Your ogre goes berserk!
Unknown command.
The large abomination hits you!!
You die...

#. . . #. ## .
#. # ##.#
#.#.. # .
#..#.###. #
... ...... #
######## ###..
. .
#.@...?##.. .
# ..
#..O#X...#.#.#
#
#.#......#...
.# . #
#...#..#§#. ##
#.....§.§.# #
#.....§####.
..... ......
.....#


You could see a large abomination and a friendly ogre (summoned, berserk).

Vanquished Creatures
  An ophan (Abyss:1)
  2 centaur zombies
  Maggie (D:7)
  A hornet (D:8)
  Eustachio (D:5)
  A wyvern (D:9)
  2 wraiths
  A water moccasin (D:8)
  Duvessa (D:5)
  An ice beast (D:6)
  A hornet zombie (D:6)
  2 ogres
  3 sky beasts
  4 orc warriors
  3 centaurs
  A phantom (D:7)
  2 kobold brigands (D:8)
  5 bullfrogs
  2 scorpions (D:6)
  Dowan (D:5)
  A wyvern skeleton (D:6)
  4 killer bees
  A howler monkey (D:7)
  11 wights
  14 orc priests
  3 jellies
  3 hounds
  Jessica (D:3)
  3 iguanas
  11 orc wizards
  A hound skeleton (D:4)
  2 howler monkey zombies
  3 gnolls (D:8)
  13 adders
  2 shadow imps
  2 white imps (D:7)
  2 adder skeletons
  A worm (D:4)
  3 dart slugs
  38 orcs
  3 bats
  6 endoplasms
  2 giant cockroaches
  11 goblins
  14 hobgoblins
  6 jackals
  3 quokkas
  6 ball pythons
  3 frilled lizards (D:1)
  18 kobolds
  4 rats
231 creatures vanquished.

Vanquished Creatures (others)
  A kobold (D:3)
  2 plants (D:8)
3 creatures vanquished.

Grand Total: 234 creatures vanquished

Notes
Turn   | Place    | Note
-------+----------+-------------------------------------------
     0 | D:1      | mhtbhm the Kobold Berserker began the quest for the Orb.
     0 | D:1      | Reached XP level 1. HP: 14/14 MP: 1/1
   435 | D:1      | Reached XP level 2. HP: 19/19 MP: 2/2
  1207 | D:2      | Reached XP level 3. HP: 23/23 MP: 3/3
  1217 | D:2      | Reached skill level 1 in Stealth
  1285 | D:2      | Found a faded altar of an unknown god.
  1295 | D:2      | Reached skill level 5 in Short Blades
  1462 | D:2      | Reached XP level 4. HP: 29/29 MP: 4/4
  2002 | D:2      | Reached skill level 2 in Stealth
  2103 | D:3      | Reached ** piety under Trog
  2104 | D:3      | Reached XP level 5. HP: 33/33 MP: 5/5
  2403 | D:3      | Reached skill level 3 in Stealth
  2769 | D:3      | Noticed Jessica
  2784 | D:3      | Killed Jessica
  2785 | D:3      | Reached XP level 6. HP: 38/38 MP: 3/6
  3163 | D:3      | Reached skill level 4 in Stealth
  3711 | D:4      | Reached *** piety under Trog
  4006 | D:4      | Found an opulent altar of Gozag.
  4438 | D:5      | Entered Level 5 of the Dungeon
  4533 | D:5      | Reached skill level 5 in Stealth
  4533 | D:5      | Reached XP level 7. HP: 43/43 MP: 5/7
  4704 | D:5      | Noticed Dowan
  4706 | D:5      | Noticed Duvessa
  4724 | D:5      | Killed Duvessa
  4729 | D:5      | Killed Dowan
  4963 | D:5      | Noticed Eustachio
  4967 | D:5      | Killed Eustachio
  4968 | D:5      | Reached skill level 6 in Stealth
  4968 | D:5      | Reached XP level 8. HP: 48/48 MP: 8/8
  5272 | D:5      | Reached skill level 5 in Dodging
  5367 | D:5      | Reached skill level 7 in Stealth
  5587 | D:6      | Reached skill level 5 in Fighting
  5727 | D:6      | Reached skill level 8 in Stealth
  5727 | D:6      | Reached XP level 9. HP: 38/54 MP: 7/9
  6337 | D:6      | Reached skill level 9 in Stealth
  6355 | D:6      | Reached **** piety under Trog
  6719 | D:6      | Gained mutation: You are weak. (Str -2) [potion of
                  | mutation]
  6719 | D:6      | Gained mutation: Your magical capacity is low. (-10% MP)
                  | [potion of mutation]
  6719 | D:6      | Gained mutation: You are partially covered in iridescent
                  | scales. (AC +2) [potion of mutation]
  6736 | D:6      | HP: 1/52 [acid (3)]
  7633 | D:7      | Noticed Maggie
  7636 | D:7      | Killed Maggie
  7637 | D:7      | Reached skill level 10 in Stealth
  7873 | D:7      | Reached XP level 10. HP: 60/60 MP: 9/9
  7874 | D:7      | Found a broken altar of Ashenzari.
  7875 | D:7      | Found a hide-covered altar of Uskayaw.
  7999 | D:7      | Found a staircase to the Ecumenical Temple.
  8054 | D:7      | Reached skill level 1 in Evocations
  8059 | D:7      | Reached skill level 11 in Stealth
  8076 | D:7      | Reached skill level 10 in Short Blades
  9289 | D:8      | Reached ***** piety under Trog
  9480 | D:8      | Found a stormy altar of Qazlal.
  9715 | D:8      | Found an opulent altar of Gozag.
 10675 | D:9      | Received a gift from Trog
 10680 | D:9      | Reached skill level 12 in Stealth
 11096 | D:9      | Reached XP level 11. HP: 65/67 MP: 5/9
 11474 | D:10     | Entered Level 10 of the Dungeon
 11700 | D:10     | Noticed Sonja
 11703 | D:10     | Found a radiant altar of Vehumet.
 11711 | D:10     | Cast into level 1 of the Abyss (Sonja)
 11837 | Abyss:1  | Noticed an ophan
 11863 | Abyss:1  | Killed an ophan
 11869 | Abyss:1  | Mangled by a large abomination

Illustrated notes

Levels and vault maps discovered:
D:1:      wander_arrival_desolate, layout_basic, skrybe_limestone_x,
          serial_bayou_pond_e
D:2:      layout_loops_ring, ebering_ecumenical_altar_webs
D:3:      layout_basic, lemuel_flame_loot_1, uniq_jessica
D:4:      layout_basic, amcnicky_altar_gilded
D:5:      layout_loops_ring, serial_park_tiny_1, uniq_eustachio, uniq_duvessa
D:6:      layout_basic
D:7:      layout_basic, gammafunk_temple_overflow_statue,
          minmay_temple_entry_junction, uniq_maggie
D:8:      corexii_shantytown, layout_rooms, amcnicky_mini_rare_corridor_liquid,
          nicolae_wwwww, hangedman_feature_mirror, minivault_22, minivault_25
D:9:      layout_roguey, grunt_decor_clamped
D:10:     layout_stronghold, vehumet_altar_wand_db, uniq_sonja, uniq_fannar
Abyss:1:  base: D:6, hangedman_decor_lopped

Skill      XL: |  1  2  3  4  5  6  7  8  9 10 11 |
---------------+----------------------------------+-----
Stealth        | 1 2 3 5 6 8 10 12 | 12.5
Short Blades   | 5 6 7 8 9 10 | 10.5
Dodging        | 3 4 5 7 8 9 |  9.5
Fighting       | 4 5 6 7 |  7.5
Armour         | 2 3 4 |  4.9
Evocations     | 1 |  1.2
Throwing       | |  0.2

Action                   |  1- 3 |  4- 6 |  7- 9 | 10-12 || total
-------------------------+-------+-------+-------+-------++-------
Melee: Short sword       |    53 |   218 |     6 |       ||   277
       Dagger            |       |       |   281 |   550 ||   831
Throw: Dart              |       |       |       |     2 ||     2
Invok: Berserk           |       |     5 |     9 |     8 ||    22
       Brothers in Arms  |       |       |       |     1 ||     1
Evoke: Wand              |       |       |     2 |     1 ||     3
  Use: Scroll            |       |     1 |     4 |     1 ||     6
       Potion            |       |       |     3 |     4 ||     7
 Stab: Sleeping          |    11 |    19 |    17 |    19 ||    66
       Distracted        |       |     2 |       |     2 ||     4
       Invisible         |       |       |       |     1 ||     1
Armor: Animal skin       |     6 |    33 |       |       ||    39
       Leather armour    |       |    15 |    40 |       ||    55
       Acid dragon scale |       |       |     1 |   123 ||   124
Dodge: Dodged            |    32 |   160 |    99 |   285 ||   576

Table legend: (Time is in decaauts)
 A = Elapsed time spent in this place.
 B = Non-inter-level travel time spent in this place.
 C = Inter-level travel time spent in this place.
 D = Time resting spent in this place.
 E = Time spent auto-exploring this place.
 F = Levels seen in this place.
 G = Mean time per level.
                   A        B        C        D        E       F      G
               +--------+--------+--------+--------+--------+-----+--------+
         Total |  11629 |  11585 |     44 |   2286 |   7354 |  11 | 1057.2 |
       Dungeon |  11478 |  11434 |     44 |   2254 |   7354 |  10 | 1147.8 |
         Abyss |    150 |    150 |      0 |     32 |      0 |   1 |  150.0 |
               +--------+--------+--------+--------+--------+-----+--------+

Top non-repeatable levels by time:
     D:8: 1919 daAuts
     D:6: 1702 daAuts
     D:3: 1494 daAuts
     D:7: 1297 daAuts
     D:1: 1190 daAuts
     D:5: 1003 daAuts
     D:9: 931 daAuts
     D:2: 903 daAuts
     D:4: 835 daAuts
    D:10: 200 daAuts
 Abyss:1: 150 daAuts
